 Dungeon Crawl Stone Soup version 0.30-a0-1094-g860fb061e7 (webtiles) character file.

Game seed: 536825503289490372

13962 hwolsky the Cleaver (level 11, -2/101 HPs)
             Began as a Minotaur Fighter on Apr 14, 2023.
             Was a High Priest of Okawaru.
             Slain by a skeletal warrior
             ... wielding a +1 trident
              (18 damage)
             ... on level 11 of the Dungeon on Apr 17, 2023.
             The game lasted 00:45:36 (9314 turns).

hwolsky the Cleaver (Minotaur Fighter)              Turns: 9314, Time: 00:45:40

Health: -2/101     AC: 27    Str: 24    XL:     11   Next: 82%
Magic:  13/13      EV: 11    Int:  5    God:    Okawaru [*****.]
Gold:   995        SH: 11    Dex: 11    Spells: 10/10 levels left

rFire   + . .      SeeInvis .    U - +0 broad axe (freeze)
rCold   . . .      Faith    .    L - +0 kite shield
rNeg    . . .      Spirit   .    n - +2 plate armour {rF+}
rPois   .          Reflect  .    (helmet restricted)
rElec   .          Rampage  .    s - +0 cloak
rCorr   .                        r - +0 pair of gloves
Will    .....                    H - +2 pair of boots Stlth
                                 e - amulet of regeneration
HPRegen 1.16/turn                f - +4 ring of protection
MPRegen 0.13/turn                T - +5 ring of evasion

@: no status effects
A: horns 2, retaliatory headbutt
a: Renounce Religion, Heroism, Finesse, Duel


You were on level 11 of the Dungeon.
You worshipped Okawaru.
Okawaru was extremely pleased with you.
You visited 2 branches of the dungeon, and saw 12 of its levels.
You also visited: Ossuary and Bailey.

You collected 1160 gold pieces.
You spent 165 gold pieces at shops.

Inventory:

Hand Weapons
 a - a +1 war axe of venom
 G - a +2 war axe of flaming
 U - a +0 broad axe of freezing (weapon)
Missiles
 i - a throwing net (quivered)
Armour
 n - a +2 plate armour of fire resistance (worn)
 r - a +0 pair of gloves (worn)
 s - a +0 cloak (worn)
 H - a +2 pair of boots (worn)
 L - a +0 kite shield (worn)
Jewellery
 e - an amulet of regeneration (around neck)
 f - a +4 ring of protection (left hand)
 l - a ring of willpower
 A - a ring of see invisible
 D - an amulet of guardian spirit
 T - a +5 ring of evasion (right hand)
Wands
 j - a wand of quicksilver (8)
 o - a wand of iceblast (15)
 p - a wand of flame (31)
 v - a wand of paralysis (22)
Scrolls
 d - 3 scrolls of torment
 m - 2 scrolls of immolation
 x - 2 scrolls of magic mapping
 B - 3 scrolls of poison
 C - a scroll of blinking
 E - 2 scrolls of teleportation
 F - a scroll of enchant weapon
 I - 2 scrolls of fog
 J - a scroll of vulnerability
 K - a scroll of summoning
 S - 2 scrolls of identify
Potions
 b - 2 potions of flight
 c - 2 potions of lignification {unknown}
 g - 3 potions of brilliance
 h - a potion of haste
 k - a potion of cancellation
 q - 5 potions of curing
 t - 2 potions of ambrosia {unknown}
 u - 2 potions of berserk rage {unknown}
 w - 5 potions of heal wounds {unknown}
 z - 5 potions of mutation
 M - 3 potions of magic {unknown}
 N - 2 potions of invisibility {unknown}
 O - a potion of might
 P - a potion of resistance
 Q - a potion of degeneration {unknown}
Miscellaneous
 y - a box of beasts


   Skills:
 + Level 10.7 Fighting
 * Level 14.2 Axes
 + Level 10.6 Armour
 + Level 10.6 Shields
 + Level 4.7 Invocations


You had 10 spell levels left.
You didn't know any spells.
Your spell library contained the following spells:

 Spells                   Type           Power      Damage    Failure   Level
 Kiss of Death            Conj/Necr      0%         2d5       100%        1
 Ensorcelled Hibernation  Hex/Ice        0%         N/A       100%        2
 Confusing Touch          Hex            0%         N/A       100%        3
 Inner Flame              Hex/Fire       0%         N/A       100%        3
 Portal Projectile        Hex/Tloc       0%         N/A       100%        3
 Vhi's Electric Charge    Tloc/Air       0%         N/A       100%        3
 Dispel Undead            Necr           0%         3d6       100%        4
 Flame Wave               Conj/Fire      0%         2d4       100%        4
 Leda's Liquefaction      Hex/Erth       0%         N/A       100%        4
 Sticky Flame             Conj/Fire      0%         2d3       100%        4
 Arcjolt                  Conj/Air       0%         1d10      100%        5
 Silence                  Hex/Air        0%         N/A       100%        5
 Maxwell's Capacitive Co  Air            0%         ∞         100%        8
 Summon Small Mammal      Summ           Unusable   N/A       N/A         1
 Call Canine Familiar     Summ           Unusable   N/A       N/A         3
 Summon Guardian Golem    Hex/Summ       Unusable   N/A       N/A         3

Dungeon Overview and Level Annotations

Branches:
Dungeon (11/15)            Temple (1/1) D:7            Lair (0/5) D:10
Ossuary (visited)          Bailey (visited)
    Orc: D:9-12

Altars:
Ashenzari
Cheibriados
Dithmenos
Elyvilon
Fedhas
Gozag
Hepliaklqana
Kikubaaqudgha
Makhleb
Nemelex Xobeh
Okawaru
Qazlal
Ru
Sif Muna
Trog
Uskayaw
Vehumet
Wu Jian
Xom
Yredelemnul
Zin
The Shining One

Shops:
D:1 :   D:4 =*=[!   D:10 :[


Innate Abilities, Weirdness & Mutations

You have a pair of horns on your head.
You reflexively headbutt those who attack you in melee.


Message History

You barely miss the skeletal warrior.
Your headbutt misses the skeletal warrior.
The skeletal warrior is heavily damaged.
You block the skeletal warrior's attack.
The skeletal warrior hits you from afar with a +1 trident!
You closely miss the skeletal warrior.
The skeletal warrior is heavily damaged.
You block the skeletal warrior's attack.
The skeletal warrior hits you from afar with a +1 trident!
You slash the skeletal warrior! You freeze the skeletal warrior.
You headbutt the skeletal warrior.
The skeletal warrior is severely damaged.
The skeletal warrior hits you but does no damage. x2
You hit the skeletal warrior but do no damage.
Your headbutt misses the skeletal warrior.
The skeletal warrior is severely damaged.
The skeletal warrior hits you but does no damage.
You block the skeletal warrior's attack.
You slash the skeletal warrior! You freeze the skeletal warrior.
Your headbutt misses the skeletal warrior.
The skeletal warrior is almost destroyed.
You block the skeletal warrior's attack.
The skeletal warrior hits you from afar with a +1 trident!
* * * LOW HITPOINT WARNING * * *
You hit the skeletal warrior.
You destroy the skeletal warrior!
Okawaru accepts your kill.
The skeletal warrior hits you but does no damage.
You barely miss the skeletal warrior.
The skeletal warrior is severely damaged.
The skeletal warrior hits you with a +0 short sword!
* * * LOW HITPOINT WARNING * * *
The skeletal warrior hits you but does no damage.
You barely miss the skeletal warrior.
You headbutt the skeletal warrior, but do no damage.
The skeletal warrior is severely damaged.
The skeletal warrior hits you with a +0 short sword!
* * * LOW HITPOINT WARNING * * *
The skeletal warrior hits you from afar with a +1 trident!!
You die...

#.... #.... ...
#...#######...
#####...#....>#..#
........#.....#..#
........#.....#..#
........#.....#..#
.......<#'#####..#
###........@z....###
#...#######z.....#
#... #......## #..
#......... #..
#......... #.
'.#+#####. #. .'.#
..#.# ####.#


You could see 2 skeletal warriors.

Vanquished Creatures
  A skeletal warrior (D:11)
  Pikel (D:5)
  A deep elf pyromancer (D:8)
  5 trolls
  A troll (shapeshifter) (D:8)
  A hornet (D:8)
  Grinder (D:3)
  The ghost of xian the Vexing, an amateur DsEn (D:5)
  2 vampires
  4 wraiths
  3 wyverns
  11 yaks
  A steam dragon (D:8)
  3 acid dragons
  Duvessa (D:7)
  2 water moccasins
  10 orc warriors
  3 black bears
  3 sky beasts
  3 ice beasts
  6 centaurs
  3 ogres
  A lemure (D:5)
  2 phantoms
  12 kobold brigands
  3 bullfrogs
  2 elf zombies (Ossuary)
  2 gnoll sergeants
  8 scorpions
  17 wights
  Dowan (D:7)
  7 killer bees
  4 howler monkeys
  A centaur zombie (Ossuary)
  8 hounds
  3 gnoll boudas (D:5)
  4 orc priests
  Crazy Yiuf (D:7)
  3 jellies
  A sleepcap (D:5)
  Jessica (D:2)
  5 iguanas
  Terence (D:2)
  Ijyb (D:3)
  6 orc wizards
  2 mummies (Ossuary)
  Robin (D:3)
  14 gnolls
  3 adders
  A shadow imp (D:8)
  4 white imps
  A worm (D:3)
  A dart slug (D:3)
  30 orcs
  5 ball pythons
  5 bats
  10 endoplasms
  A giant cockroach (D:1)
  7 hobgoblins
  19 kobolds
  2 quokkas (D:4)
  5 frilled lizards (D:1)
  21 goblins
  3 goblin zombies
  11 hobgoblin zombies (Ossuary)
  A jackal zombie (Ossuary)
  10 kobold zombies (Ossuary)
  8 orc zombies (Ossuary)
  A quokka zombie (D:5)
  7 rats
  2 rat zombies (Ossuary)
  A bush (D:7)
337 creatures vanquished.

Vanquished Creatures (others)
  2 fungi (D:7)
  8 plants (D:8)
10 creatures vanquished.

Grand Total: 347 creatures vanquished

Notes
Turn   | Place    | Note
-------+----------+-------------------------------------------
     0 | D:1      | hwolsky the Minotaur Fighter began the quest for the Orb.
     0 | D:1      | Reached XP level 1. HP: 19/19 MP: 0/0
   184 | D:1      | Reached XP level 2. HP: 27/27 MP: 1/1
   232 | D:1      | Found Zeqyok's Book Shop.
   237 | D:1      | Reached skill level 3 in Axes
   898 | D:2      | Noticed Terence
   903 | D:2      | Killed Terence
   904 | D:2      | Reached XP level 3. HP: 32/33 MP: 2/2
  1216 | D:2      | Noticed Jessica
  1220 | D:2      | Killed Jessica
  1221 | D:2      | Reached XP level 4. HP: 40/40 MP: 3/3
  1640 | D:3      | Reached skill level 4 in Axes
  1762 | D:3      | Noticed Ijyb
  1772 | D:3      | Killed Ijyb
  1773 | D:3      | Reached XP level 5. HP: 47/47 MP: 4/4
  1782 | D:3      | Found a snail-covered altar of Cheibriados.
  1816 | D:3      | Found a stormy altar of Qazlal.
  1861 | D:3      | Upgraded the game from 0.30-a0-1075-gcd70e7a56d to
                  | 0.30-a0-1085-g990a428a5c
  1910 | D:3      | Noticed Grinder
  1929 | D:3      | Killed Grinder
  1930 | D:3      | Reached skill level 5 in Fighting
  1930 | D:3      | Reached skill level 5 in Axes
  1930 | D:3      | Reached skill level 5 in Armour
  1930 | D:3      | Reached skill level 5 in Shields
  1930 | D:3      | Reached XP level 6. HP: 40/56 MP: 5/5
  2066 | D:3      | Noticed Robin
  2080 | D:3      | Killed Robin
  2255 | D:4      | Found Miapsewu's Jewellery Shop.
  2297 | D:4      | Reached skill level 6 in Axes
  2384 | D:4      | Reached XP level 7. HP: 61/61 MP: 6/6
  2428 | D:4      | Found a bloodstained altar of Trog.
  2442 | D:4      | Found a blossoming altar of Fedhas.
  2443 | D:4      | Found a glowing silver altar of Zin.
  2443 | D:4      | Found a burning altar of Makhleb.
  2444 | D:4      | Found a sparkling altar of Nemelex Xobeh.
  2445 | D:4      | Found a white marble altar of Elyvilon.
  2445 | D:4      | Found a shimmering altar of Xom.
  2454 | D:4      | Found a sacrificial altar of Ru.
  2455 | D:4      | Found a shimmering blue altar of Sif Muna.
  2455 | D:4      | Found a radiant altar of Vehumet.
  2456 | D:4      | Found a hazy altar of Hepliaklqana.
  2622 | D:4      | Found a broken altar of Ashenzari.
  2644 | D:4      | Found Guops's General Store.
  2647 | D:4      | Found Camod's Jewellery Boutique.
  2649 | D:4      | Found Ocvuth's Armour Emporium.
  2650 | D:4      | Found Monaokid's Distillery.
  3043 | D:5      | Entered Level 5 of the Dungeon
  3173 | D:5      | Reached skill level 7 in Axes
  3318 | D:5      | Found a runed translucent gate.
  3318 | D:5      | Found a runed translucent gate.
  3318 | D:5      | Found a runed translucent gate.
  3320 | D:5      | Found an opulent altar of Gozag.
  3333 | D:5      | Noticed xian's ghost (amateur DsEn)
  3343 | D:5      | Reached XP level 8. HP: 56/70 MP: 7/7
  3355 | D:5      | Killed xian's ghost
  3356 | D:5      | Reached skill level 8 in Axes
  3759 | D:5      | Noticed Pikel
  3779 | D:5      | Killed Pikel
  3780 | D:5      | Reached skill level 9 in Axes
  3793 | D:5      | Found a sand-covered staircase.
  3801 | Ossuary  | Entered an ossuary
  3931 | Ossuary  | Reached XP level 9. HP: 79/79 MP: 8/8
  4941 | D:4      | Bought a ring of see invisible for 165 gold pieces
  4979 | D:6      | Reached skill level 10 in Axes
  5899 | D:7      | Found a staircase to the Ecumenical Temple.
  5918 | Temple   | Entered the Ecumenical Temple
  5990 | Temple   | Became a worshipper of Warmaster Okawaru
  6038 | D:7      | Reached skill level 11 in Axes
  6065 | D:7      | Reached XP level 10. HP: 82/90 MP: 9/9
  6078 | D:7      | Reached * piety under Okawaru
  6167 | D:7      | Noticed Dowan
  6168 | D:7      | Noticed Duvessa
  6178 | D:7      | Killed Duvessa
  6187 | D:7      | Killed Dowan
  6434 | D:7      | Found a runed translucent door.
  6435 | D:7      | Noticed Crazy Yiuf
  6441 | D:7      | Killed Crazy Yiuf
  6740 | D:8      | Reached ** piety under Okawaru
  6745 | D:8      | Reached skill level 1 in Invocations
  6956 | D:8      | Reached skill level 12 in Axes
  7062 | D:8      | Reached *** piety under Okawaru
  7509 | D:8      | Reached XP level 11. HP: 96/99 MP: 12/12
  7521 | D:8      | Noticed a deep elf pyromancer
  7533 | D:8      | Killed a deep elf pyromancer
  7533 | D:8      | Reached **** piety under Okawaru
  7544 | D:8      | Reached skill level 13 in Axes
  7808 | D:9      | Reached skill level 10 in Fighting
  7861 | D:9      | Reached skill level 10 in Armour
  7887 | D:9      | Upgraded the game from 0.30-a0-1085-g990a428a5c to
                  | 0.30-a0-1094-g860fb061e7
  7911 | D:9      | Reached ***** piety under Okawaru
  7912 | D:9      | Reached skill level 10 in Shields
  8059 | D:9      | Identified the +0 robe of Jocular Mirth {rPois Will+}
                  | (Okawaru gifted it to you on level 9 of the Dungeon)
  8059 | D:9      | Received a gift from Okawaru
  8438 | D:10     | Entered Level 10 of the Dungeon
  8456 | D:10     | Found Bifa's Tiny Tomes.
  8593 | D:10     | Found a staircase to the Lair.
  8808 | D:10     | Found a flagged portal.
  8837 | D:10     | Found Zucwirgh's Armour Emporium.
  8872 | Bailey   | Entered a bailey
  8960 | Bailey   | Got the Anthology of Hapless Ignition
  8991 | Bailey   | Reached skill level 14 in Axes
  9007 | Bailey   | Found an iron altar of Okawaru.
  9294 | D:11     | Noticed a skeletal warrior
  9295 | D:11     | Noticed a skeletal warrior
  9297 | D:11     | Noticed a skeletal warrior
  9312 | D:11     | Killed a skeletal warrior
  9314 | D:11     | Slain by a skeletal warrior

Illustrated notes

Levels and vault maps discovered:
D:1:      dpeg_arrival_windows_large_door, layout_basic, serial_shops, shop
D:2:      layout_basic, minmay_pentomino_v2, uniq_terence, uniq_jessica
D:3:      minmay_evil_eye, layout_rooms, cheibriados_altar_1,
          nicolae_qazlal_scattered_showers, uniq_robin, uniq_ijyb, uniq_grinder
D:4:      layout_loops_ring, nicolae_overflows_in_rows, kennysheep_mini_moat,
          cheibrodos_ashenzari_chains, nicolae_take_the_stairs,
          nicolae_wooded_promenade, hex_large
D:5:      minmay_clustersquares, layout_basic, ebering_ghost_gozag,
          enter_ossuary_4, uniq_pikel
D:6:      layout_loops_ring, st_stairs_3, chequers_serial_rivers_micro_c
D:7:      layout_cave_pools, minmay_temple_entry_arrows,
          uniq_crazy_yiuf_cottage, uniq_duvessa
D:8:      nzn_winding_woodlands_stair_cross [nzn_winding_woodlands_5x15_crooked,
          nzn_winding_woodlands_center_garden, nzn_winding_woodlands_5x15_twine,
          nzn_winding_woodlands_5x5_default,
          nzn_winding_woodlands_5x5_checkerboard,
          nzn_winding_woodlands_5x15_cabin, nzn_winding_woodlands_center_lodge,
          nzn_winding_woodlands_5x15_lazy_stream], layout_basic,
          nzn_life_drinkers
D:9:      layout_small_grid, kennysheep_small_circle
D:10:     layout_rooms, lair_entry_dummy, enter_bailey_5, serial_shops,
          nicolae_shop_tiny_waterfront, nicolae_shop_i_like_small_books_too,
          minivault_24, minmay_circle_x
D:11:     layout_irregular_city, minmay_orc_entry_guard_dogs, uniq_lodul
Temple:   nicolae_temple_colour_theory

Skill      XL: |  1  2  3  4  5  6  7  8  9 10 11 |
---------------+----------------------------------+-----
Axes           | 3 4 5 6 7 9 11 12 14 | 14.2
Fighting       | 4 5 6 7 8 9 10 | 10.7
Armour         | 4 5 6 7 8 9 10 | 10.6
Shields        | 4 5 6 7 8 9 10 | 10.6
Invocations    | 2 4 |  4.7

Action                     |  1- 3 |  4- 6 |  7- 9 | 10-12 || total
---------------------------+-------+-------+-------+-------++-------
  Melee: War axe           |    54 |   131 |   329 |   367 ||   881
         Headbutt          |     7 |    21 |    57 |    71 ||   156
         Broad axe         |       |       |       |    22 ||    22
  Throw: Throwing net      |       |     1 |     2 |     1 ||     4
    Use: Scroll            |     4 |     6 |     7 |     7 ||    24
         Potion            |     1 |       |     4 |     1 ||     6
   Stab: Held in net/web   |       |     1 |       |     1 ||     2
 Armour: Scale mail        |    19 |    12 |       |       ||    31
         Plate armour      |       |    80 |   205 |   233 ||   518
  Dodge: Dodged            |    21 |    29 |    95 |    96 ||   241
  Block: Buckler           |     7 |    35 |    89 |     8 ||   139
         Kite shield       |       |       |       |   242 ||   242

Table legend: (Time is in decaauts)
 A = Elapsed time spent in this place.
 B = Non-inter-level travel time spent in this place.
 C = Inter-level travel time spent in this place.
 D = Time resting spent in this place.
 E = Time spent auto-exploring this place.
 F = Levels seen in this place.
 G = Mean time per level.
                   A        B        C        D        E       F      G
               +--------+--------+--------+--------+--------+-----+--------+
         Total |   9415 |   9102 |    313 |    366 |   5000 |  14 |  672.5 |
       Dungeon |   8852 |   8544 |    308 |    352 |   4886 |  11 |  804.7 |
        Temple |     83 |     78 |      5 |      0 |     64 |   1 |   83.0 |
       Ossuary |    256 |    256 |      0 |      0 |      4 |   1 |  256.0 |
        Bailey |    222 |    222 |      0 |     14 |     46 |   1 |  222.0 |
               +--------+--------+--------+--------+--------+-----+--------+

Top non-repeatable levels by time:
     D:5: 1569 daAuts
     D:8: 1317 daAuts
     D:4: 905 daAuts
     D:2: 883 daAuts
     D:6: 804 daAuts
     D:1: 756 daAuts
     D:3: 670 daAuts
     D:7: 643 daAuts
     D:9: 642 daAuts
    D:10: 618 daAuts
 Ossuary: 256 daAuts
  Bailey: 222 daAuts
  Temple: 83 daAuts
    D:11: 40 daAuts
